AoeStats
← pelto

Arabian Desert

509024574Analyzed
1v1 RM · 7d ago on Sep 25, 2026· 61m 13s· 2 players
Game mode
Random Map
Map size
Tiny (2 player)
Population
200
Speed
Normal
Resources
Standard
Victory
Conquest
Starting age
Dark Age
Ending age
Imperial Age
RankedLock teamsTeams togetherTeam positionsShared explorationLock speedFull tech treeHidden civsTurbo modeCheats
Victory
Defeat
🇲🇽 Koreans · Mexico
619
+15
🇺🇸 Portuguese · United States
605
-15
pelto
3:12 Loom
12:36 Feudal Age
13:38 Town Watch
17:16 Scale Barding Armor
22:44 Wheelbarrow
30:48 Castle Age
42:40 Bloodlines
42:01 Pikeman
47:30 Murder Holes
57:47 Herbal Medicine
jafet.rdz.v
10:57 Feudal Age
13:20 Loom
21:21 Castle Age
23:09 Stone Mining
23:05 Double-Bit Axe
23:07 Horse Collar
24:34 Bow Saw
23:50 Pikeman
25:16 Squires
25:52 Forging
32:22 Iron Casting
31:50 Scale Mail Armor
41:02 Imperial Age
39:53 Chain Mail Armor
41:08 Wheelbarrow
40:28 Gold Mining
40:41 Heavy Plow
41:41 Elite Fire Lancer
46:11 Hand Cart
57:09 Gold Shaft Mining
61:12 Plate Mail Armor
Connection lost

Rejoining the realm…

Still unreachable

The connection could not be restored.

Session expired

The server has moved on; the page needs a fresh start.